 Dungeon Crawl Stone Soup version 0.28-a0-1524-ge72afd5fc6 (webtiles) character file.

Game seed: 883462958328367406

6067 issech the Basher (level 10, -2/98 HPs)
             Began as a Troll Fighter on Jan 18, 2022.
             Was an Initiate of Yredelemnul.
             Slain by a cane toad (14 damage)
             ... on level 1 of the Lair of Beasts.
             The game lasted 01:33:34 (9494 turns).

issech the Basher (Troll Fighter)                   Turns: 9494, Time: 01:33:35

Health: -2/98      AC: 20    Str: 30    XL:     10   Next: 57%
Magic:  9/9        EV:  3    Int:  4    God:    Yredelemnul [......]
Gold:   685        SH:  8    Dex:  9    Spells: 9/9 levels left

rFire   + . .      SeeInvis +   V - +7 mace
rCold   + + .      Faith    .   c - +0 kite shield
rNeg    . . .      Spirit   .   m - +2 gold dragon scales
rPois   +          Reflect  .   (helmet restricted)
rElec   .          Harm     .   r - +0 cloak
rCorr   .          Rampage  .   (gloves unavailable)
Will    .....                   (boots unavailable)
Stlth   ..........              (no amulet)
HPRegen 1.06/turn               t - ring of protection from cold
MPRegen 0.11/turn               v - ring of see invisible

@: lethally poisoned (-2 -> -2)
A: large, unfitting armour, claws 3, regeneration 1, shaggy fur 1, tough skin 1
a: Renounce Religion, Recall Undead Harvest


You were on level 1 of the Lair of Beasts.
You worshipped Yredelemnul.
Yredelemnul was noncommittal.
You visited 3 branches of the dungeon, and saw 11 of its levels.

You collected 1908 gold pieces.
You spent 1223 gold pieces at shops.

Inventory:

Hand Weapons
 e - a +2 vorpal spear
 f - a +2 whip of draining
 g - a +1 mace of venom
 j - the +6 hunting sling "Trog's Righteous Anger" {flame, Drain rF++ Str+8 Int+3}
   (You bought it in a shop on level 2 of the Dungeon)

   Any ammunition fired from it burns those it strikes, dealing additional fire
   damage.
   Str:       It affects your strength (+8).
   Int:       It affects your intelligence (+3).
   rF:        It greatly protects you from fire.
   Drain:     It drains your maximum health when unequipped.
 u - a +4 halberd
 y - a +1 dire flail of holy wrath
 A - a +3 dagger
 D - a +3 war axe
 F - a +0 flail of protection
 G - a +1 short sword of venom
 J - a +1 dagger of venom
 O - a +1 vorpal hand axe
 S - a +2 vorpal quarterstaff
 T - a +5 battleaxe
 U - a +5 trident
 V - a +7 mace (weapon)
 W - a +2 dagger of speed
 X - a +1 short sword of draining
 Z - a +2 great sword of distortion
Missiles
 h - 299 stones (quivered)
 i - 10 javelins
 k - 57 sling bullets
 n - 3 boomerangs
 o - 176 arrows
 p - 104 bolts
 N - 23 poisoned darts
 Y - 4 atropa-tipped darts
Armour
 c - a +0 kite shield (worn)
 m - +2 gold dragon scales (worn)
 r - a +0 cloak (worn)
Magical Staves
 B - a staff of earth
Jewellery
 t - a ring of protection from cold (left claw)
 v - a ring of see invisible (right claw)
Wands
 M - a wand of flame (13)
 P - a wand of paralysis (4)
Scrolls
 a - a scroll of holy word {unknown}
 b - a scroll of enchant weapon {unknown}
 q - a scroll of brand weapon {unknown}
 s - 2 scrolls of vulnerability {unknown}
 w - 2 scrolls of fog
 E - 2 scrolls of immolation {unknown}
 L - 6 scrolls of teleportation
 Q - a scroll of identify
Potions
 d - a potion of might
 l - 2 potions of mutation {unknown}
 x - 3 potions of attraction {unknown}
 z - a potion of lignification
 C - 4 potions of brilliance
 H - 2 potions of flight {unknown}
 I - 3 potions of heal wounds {unknown}
 K - a potion of haste {unknown}


   Skills:
 + Level 6.0 Fighting
 + Level 9.7 Maces & Flails
 + Level 0.4 Throwing
 + Level 5.8 Armour
 + Level 3.4 Dodging
 + Level 1.4 Stealth
 + Level 5.8 Shields


You had 9 spell levels left.
You didn't know any spells.
Your spell library contained the following spells:

 Spells                   Type           Power      Damage    Failure   Level
 Call Canine Familiar     Summ           0%         N/A       100%        3
 Portal Projectile        Hex/Tloc       0%         N/A       100%        3
 Leda's Liquefaction      Hex/Erth       0%         N/A       100%        4


Dungeon Overview and Level Annotations

Branches:
Dungeon (9/15)             Temple (1/1) D:6            Lair (1/6) D:9
    Orc: D:9-12

Altars:
Ashenzari
Cheibriados
Elyvilon
Gozag
Hepliaklqana
Kikubaaqudgha
Makhleb
Nemelex Xobeh
Okawaru
Qazlal
Ru
Sif Muna
Trog
Uskayaw
Vehumet
Wu Jian
Xom
Yredelemnul
Zin
The Shining One
Lugonu

Shops:
D:2 (((?*   D:3 [   D:7 !(**


Innate Abilities, Weirdness & Mutations

You are too large for most types of armour.
You have claws for hands.
Your natural rate of healing is unusually fast.
You are covered in fur. (AC +1)
You have tough skin. (AC +1)


Message History

You block the cane toad's attack. The cane toad stings you!
You barely miss the cane toad.
The cane toad is lightly wounded.
The cane toad stings you.
You are poisoned.
The cane toad poisons you!
You hit the cane toad.
The cane toad is lightly wounded.
You feel very sick. The cane toad stings you.
You hit the cane toad.
The cane toad is moderately wounded.
You feel very sick.
The cane toad stings you but does no damage.
The cane toad stings you!
You hit the cane toad.
The cane toad is moderately wounded.
You feel very sick. You block the cane toad's attack.
The cane toad stings you but does no damage. x2
You sock the cane toad!
The cane toad is heavily wounded.
You feel sick.
You block the cane toad's attack. x2; The cane toad stings you!
You block the cane toad's attack.
You sock the cane toad!
The cane toad is almost dead.
You feel sick.
The cane toad stings you but does no damage.
The cane toad stings you!! You block the cane toad's attack.
You feel sick. You block the cane toad's attack.
Something hits the bush but does no damage.
The cane toad stings you.
* * * LOW HITPOINT WARNING * * *
You feel sick.
You feel sick.
You feel sick. The cane toad stings you!
* * * LOW HITPOINT WARNING * * *
The cane toad stings you!
You die...
Your body rises from the dead as a mindless zombie.

... ... #.###≈#.. #..###.#
##.≈.≈...# ..##..#.#.###
###≈≈≈≈≈≈≈≈.
............####...≈≈≈≈≈≈≈.
............##.#.≈≈≈≈≈≈≈≈≈≈
..[..............≈≈≈≈≈≈.≈≈≈
.##...P##.F####P.≈≈≈≈.<.≈≈≈
#.>.## #FF# #Z...≈≈≈≈..≈≈≈
..... #.@###....≈≈≈≈≈≈≈≈≈
...♣.....#.........≈≈≈≈≈≈≈≈
.####.............≈≈≈≈≈≈≈..
##.....#........≈.≈.≈.#
##....#............#.#
#......#.............
.........P#..##.#....
.♣.....♣..##..###.....
....... #..# .....


You could see 3 cane toads.

Vanquished Creatures
  A cane toad (Lair:1)
  Grinder (D:6)
  A shadow (D:5)
  A wyvern (D:9)
  4 yaks (D:9)
  A steam dragon (D:7)
  2 water moccasins
  4 orc warriors
  2 ice beasts
  A sky beast (D:7)
  A black bear (D:5)
  An ogre (D:6)
  2 necrophages
  A phantom (D:7)
  3 centaurs
  2 kobold brigands (D:8)
  4 bullfrogs
  4 scorpions
  A wyvern skeleton (D:6)
  3 killer bees (D:5)
  9 wights
  2 centaur zombies
  A human zombie (D:4)
  A centaur skeleton (D:6)
  2 hounds (D:5)
  An orc priest (D:9)
  21 orc wizards
  An iguana (D:6)
  2 scorpion zombies (D:4)
  A mummy (D:4)
  A river rat (D:3)
  4 adders
  7 gnolls
  A howler monkey skeleton (D:5)
  A white imp (D:5)
  3 adder zombies (D:4)
  2 dart slugs
  27 orcs
  7 endoplasms
  4 giant cockroaches
  7 hobgoblins
  2 jackals (D:3)
  14 kobolds
  5 quokkas
  4 ball pythons
  4 bats
  2 frilled lizards
  8 goblins
  4 rats
188 creatures vanquished.

Vanquished Creatures (collateral kills)
  2 basilisks (D:9)
  A centaur (D:9)
  The ghost of RBrandon the Vexing, an amateur HuAM (D:3)
  2 bullfrogs
  A water moccasin zombie (D:5)
  A yak zombie (D:9)
  A centaur zombie (D:4)
  An orc priest (D:9)
  An iguana (D:4)
  A killer bee zombie (D:5)
  2 hound zombies (D:4)
  3 adders
  An ufetubus (D:6)
  An adder skeleton (D:4)
  A worm (D:3)
  A dart slug (D:4)
  5 orcs
  3 ball pythons (D:3)
  2 bats
  An endoplasm (D:3)
  2 hobgoblins (D:3)
  2 jackals (D:3)
  2 quokkas
  3 frilled lizards (D:1)
  2 kobolds
  A quokka zombie (D:4)
  A rat (D:3)
45 creatures vanquished.

Vanquished Creatures (others)
  2 water moccasin zombies
  A yak zombie (D:9)
  A bullfrog zombie (D:7)
  A centaur zombie (D:8)
  2 adder zombies
  3 bat zombies
  A ball python zombie (D:3)
  A dart slug zombie (D:4)
  3 giant cockroach zombies
  2 hobgoblin zombies (D:4)
  3 jackal zombies (D:3)
  3 kobold zombies
  19 orc zombies
  A quokka zombie (D:3)
  6 plants
49 creatures vanquished.

Grand Total: 282 creatures vanquished

Notes
Turn   | Place    | Note
-------+----------+-------------------------------------------
     0 | D:1      | issech the Troll Fighter began the quest for the Orb.
     0 | D:1      | Reached XP level 1. HP: 22/22 MP: 0/0
   117 | D:1      | Reached skill level 2 in Maces & Flails
   141 | D:1      | Found a faded altar of an unknown god.
   179 | D:1      | Prayed at the altar of an unknown god.
   179 | D:1      | Became a worshipper of Yredelemnul the Dark
   179 | D:1      | Reached * piety under Yredelemnul
   236 | D:1      | Reached XP level 2. HP: 29/29 MP: 1/1
   449 | D:1      | Reached ** piety under Yredelemnul
   903 | D:2      | Found Ofriquc's Antique Weapon Boutique.
   960 | D:2      | Reached XP level 3. HP: 36/36 MP: 2/2
   983 | D:2      | Found Ylij's Weapon Shoppe.
  1034 | D:2      | Found Kabeek Loapn's Antique Weapon Emporium.
  1044 | D:2      | Found Hoic's Magic Scroll Boutique.
  1061 | D:2      | Bought 2 scrolls of identify for 40 gold pieces
  1061 | D:2      | Bought a scroll of identify for 20 gold pieces
  1267 | D:2      | Found Qywimip's Assorted Antiques.
  1556 | D:3      | Found Togoss's Armour Shoppe.
  1652 | D:3      | Noticed RBrandon's ghost (amateur HuAM)
  1664 | D:3      | Found a runed translucent gate.
  1664 | D:3      | Found a runed translucent gate.
  1664 | D:3      | Found a runed translucent gate.
  1700 | D:3      | Reached XP level 4. HP: 37/44 MP: 3/3
  1969 | D:3      | Reached skill level 3 in Maces & Flails
  2143 | D:3      | Identified a scroll of acquirement
  2148 | D:3      | Acquired 1201 gold pieces
  2260 | D:3      | Reached XP level 5. HP: 33/52 MP: 4/4
  2447 | D:3      | Noticed a centaur
  2458 | D:3      | Killed a centaur
  2515 | D:3      | Reached *** piety under Yredelemnul
  2805 | D:3      | Killed RBrandon's ghost
  2806 | D:3      | Reached skill level 1 in Stealth
  2806 | D:3      | Reached XP level 6. HP: 61/61 MP: 5/5
  2986 | D:2      | Bought a scroll of identify for 38 gold pieces
  3328 | D:2      | Bought a glowing mace for 156 gold pieces
  3329 | D:2      | Bought a steaming hunting sling for 169 gold pieces
  3329 | D:2      | Identified the +6 hunting sling "Trog's Righteous Anger"
                  | {flame, Drain rF++ Str+8 Int+3} (You bought it in a shop on
                  | level 2 of the Dungeon)
  3360 | D:3      | Bought +0 gold dragon scales for 800 gold pieces
  3723 | D:4      | Reached skill level 4 in Maces & Flails
  3814 | D:4      | Found an ancient bone altar of Kikubaaqudgha.
  3830 | D:4      | Reached skill level 5 in Maces & Flails
  3830 | D:4      | Reached XP level 7. HP: 67/67 MP: 6/6
  3865 | D:4      | Found a basalt altar of Yredelemnul.
  4499 | D:5      | Entered Level 5 of the Dungeon
  4512 | D:5      | Reached skill level 1 in Armour
  4514 | D:5      | Reached skill level 6 in Maces & Flails
  4638 | D:5      | Reached XP level 8. HP: 77/78 MP: 7/7
  4976 | D:5      | Found an ornate altar of the Wu Jian Council.
  5514 | D:6      | Noticed Grinder
  5552 | D:6      | Paralysed by Grinder for 6 turns
  5553 | D:6      | Killed Grinder
  5554 | D:6      | Reached skill level 7 in Maces & Flails
  5731 | D:6      | Reached XP level 9. HP: 85/85 MP: 8/8
  5855 | D:6      | Found a staircase to the Ecumenical Temple.
  5881 | Temple   | Entered the Ecumenical Temple
  6081 | D:6      | Found a shimmering altar of Xom.
  6665 | D:6      | Found a glowing golden altar of the Shining One.
  6777 | D:7      | Found Piat's Assorted Antiques.
  6795 | D:7      | Found a snail-covered altar of Cheibriados.
  6848 | D:7      | Found a hazy altar of Hepliaklqana.
  6878 | D:7      | Reached skill level 5 in Shields
  6953 | D:7      | Found Luonoss's General Store.
  7001 | D:7      | Reached skill level 5 in Fighting
  7001 | D:7      | Reached skill level 8 in Maces & Flails
  7102 | D:7      | Found Ownud's Distillery.
  7353 | D:7      | Found Zoez's Weapon Emporium.
  7594 | D:8      | Found a sparkling altar of Nemelex Xobeh.
  7647 | D:8      | Found a sacrificial altar of Ru.
  7922 | D:8      | Reached skill level 5 in Armour
  8115 | D:8      | Found a hide-covered altar of Uskayaw.
  8395 | D:8      | Reached XP level 10. HP: 94/95 MP: 9/9
  8428 | D:8      | Reached **** piety under Yredelemnul
  8599 | D:9      | Reached skill level 9 in Maces & Flails
  8727 | D:9      | Found a staircase to the Lair.
  8781 | D:9      | Found a burning altar of Makhleb.
  9223 | D:9      | Found a glowing silver altar of Zin.
  9350 | D:9      | Found a bloodstained altar of Trog.
  9431 | Lair:1   | Entered Level 1 of the Lair of Beasts
  9437 | Lair:1   | Noticed a cane toad
  9445 | Lair:1   | Killed a cane toad
  9479 | Lair:1   | Noticed a cane toad
  9481 | Lair:1   | Noticed a cane toad
  9484 | Lair:1   | Noticed a cane toad
  9494 | Lair:1   | Slain by a cane toad

Illustrated notes

Levels and vault maps discovered:
D:1:      tarquinn_simple_flora_water_e, layout_loops_cross, serial_glass,
          glass_columns_b, glass_columns_a, basic_ecumenical_altar,
          glass_columns_a, grunt_decor_junction
D:2:      layout_rooms, serial_shops, nicolae_shop_bloodbath_and_beyond,
          nicolae_shop_overgrown_old_shop, shop, shop_statue,
          nicolae_shop_waterfront
D:3:      layout_basic, gup_sewer_entry_bubbles, gammafunk_ghost_split,
          serial_shops, nicolae_diamond_shop, minmay_cupped
D:4:      layout_basic, kennysheep_mini_moat,
          lemuel_mausoleum_altar_kikubaaqudgha, hangedman_decor_clover_reticule
D:5:      layout_loops_ring, mainiacjoe_overflow_six_doors_small,
          grunt_ministairs_6, kennysheep_decorative_pillar
D:6:      minmay_flawed_box, layout_basic, nicolae_tso_swordbearing_angel,
          xom_redecorated, minmay_temple_entry_large_hall, uniq_grinder
D:7:      layout_rooms, lemuel_tele_altar, nicolae_hepliaklqana_hazy_memory,
          serial_shops, nicolae_diamond_shop, nicolae_lakefront_shop,
          nicolae_shop_hallway_plus, nicolae_shop_behind_doors
D:8:      layout_loops_ring, nicolae_ru_great_annihilating_truth,
          old_standard_altar, nemelex_xobeh_ov_fountains_minmay
D:9:      layout_loops_ring, zin_treasury, mainiacjoe_overflow_alcove_1,
          lemuel_coloured_pillars_altar, david_lair_generic
Temple:   corrupted_temple
Lair:1:   layout_gridlike, beast_lair_carwin_8, grunt_megastairs_5,
          infiniplex_staircase_pool_2, uniq_sonja

Skill      XL: |  1  2  3  4  5  6  7  8  9 10 |
---------------+-------------------------------+-----
Maces & Flails | 2 3 5 6 7 8 9 |  9.7
Dodging        | 3 |  3.4
Fighting       | 3 4 5 6 |  6.0
Shields        | 3 4 5 |  5.8
Stealth        | 1 |  1.4
Armour         | 1 3 5 |  5.8
Throwing       | |  0.4

Action                   |  1- 3 |  4- 6 |  7- 9 | 10-12 || total
-------------------------+-------+-------+-------+-------++-------
Melee: Flail             |   102 |    54 |   133 |       ||   289
       Whip              |       |    10 |       |       ||    10
       Mace              |       |    79 |   264 |   109 ||   452
Throw: Stone             |       |     2 |     2 |       ||     4
  Use: Scroll            |       |     5 |     4 |       ||     9
       Potion            |       |       |     1 |     1 ||     2
 Stab: Distracted        |       |       |     3 |     1 ||     4
       Paralysed         |       |       |     1 |       ||     1
Armor: Robe              |    42 |    32 |       |       ||    74
       Gold dragon scale |       |    49 |   363 |    98 ||   510
Dodge: Dodged            |    50 |    41 |    32 |    12 ||   135
Block: Kite shield       |    43 |    60 |   161 |    55 ||   319

Table legend: (Time is in decaauts)
 A = Elapsed time spent in this place.
 B = Non-inter-level travel time spent in this place.
 C = Inter-level travel time spent in this place.
 D = Time resting spent in this place.
 E = Time spent auto-exploring this place.
 F = Levels seen in this place.
 G = Mean time per level.
                   A        B        C        D        E       F      G
               +--------+--------+--------+--------+--------+-----+--------+
         Total |   9711 |   9126 |    585 |    166 |   2738 |  11 |  882.8 |
       Dungeon |   9587 |   9002 |    585 |    166 |   2711 |   9 | 1065.2 |
        Temple |     57 |     57 |      0 |      0 |     26 |   1 |   57.0 |
          Lair |     66 |     66 |      0 |      0 |      1 |   1 |   66.0 |
               +--------+--------+--------+--------+--------+-----+--------+

Top non-repeatable levels by time:
     D:3: 1599 daAuts
     D:6: 1265 daAuts
     D:4: 1187 daAuts
     D:1: 1157 daAuts
     D:8: 1126 daAuts
     D:5: 926 daAuts
     D:9: 885 daAuts
     D:2: 738 daAuts
     D:7: 702 daAuts
  Lair:1: 66 daAuts
  Temple: 57 daAuts
